 Dungeon Crawl Stone Soup version 0.30.0 (webtiles) character file.

Game seed: 16246855682635987090

27438 greasedhog the Basher (level 13, -11/82 HPs)
             Began as a Gargoyle Fighter on May 6, 2023.
             Was an Elder of Qazlal.
             Mangled by Sonja
             ... wielding a +1 dagger of distortion
              (22 damage)
             ... on level 3 of the Lair of Beasts.
             The game lasted 00:20:33 (14866 turns).

greasedhog the Basher (Gargoyle Fighter)           Turns: 14866, Time: 00:20:34

Health: -11/82     AC: 38    Str: 25    XL:     13   Next: 32%
Magic:  22/22      EV:  7    Int:  9    God:    Qazlal [****..]
Gold:   1870       SH:  9    Dex:  9    Spells: 12/12 levels left

rFire   . . .        J - +6 eveningstar (protect)
rCold   + . .        c - +0 buckler
rNeg    + . .        E - +0 plate armour
rPois   ∞            P - +2 hat {SInv}
rElec   +            v - +0 cloak
rCorr   +            R - +0 pair of gloves
SInv    +            j - +0 pair of boots
Will    .....        (no amulet) Stlth
                     q - ring of resist corrosion
HPRegen 0.33/turn    H - ring of protection from cold
MPRegen 0.18/turn

%: repel missiles
@: under a protective aura
A: sickness immunity, AC +9, negative energy resistance 1, electricity
resistance, torment resistance 1, petrification resistance
a: Renounce Religion, Upheaval, Elemental Force


You were on level 3 of the Lair of Beasts.
You worshipped Qazlal.
Qazlal was greatly pleased with you.
You visited 3 branches of the dungeon, and saw 15 of its levels.

You collected 1870 gold pieces.

Inventory:

Hand Weapons
 b - a +1 mace of holy wrath
 J - a +6 eveningstar of protection (weapon)
Missiles
 r - a throwing net (quivered)
Armour
 c - a +0 buckler (worn)
 j - a +0 pair of boots (worn)
 v - a +0 cloak (worn)
 E - a +0 plate armour (worn)
 P - a +2 hat of see invisible (worn)
 R - a +0 pair of gloves (worn)
Jewellery
 q - a ring of resist corrosion (left hand)
 u - a ring of see invisible
 x - a ring of positive energy
 B - a ring of ice
 F - a ring of positive energy
 H - a ring of protection from cold (right hand)
 O - a +6 ring of dexterity
Wands
 A - a wand of flame (14)
 K - a wand of charming (7)
 Q - a wand of polymorph (4)
 S - a wand of digging (5)
Scrolls
 a - 2 scrolls of amnesia
 e - 2 scrolls of fog
 f - a scroll of blinking
 h - 5 scrolls of teleportation
 k - 2 scrolls of magic mapping
 l - a scroll of enchant armour {unknown}
 n - 3 scrolls of noise {unknown}
 o - a scroll of torment {unknown}
 s - a scroll of immolation
 y - 2 scrolls of silence {unknown}
 C - 4 scrolls of vulnerability {unknown}
 G - 2 scrolls of poison {unknown}
 M - a scroll of brand weapon {unknown}
 T - a scroll of enchant weapon
Potions
 d - 3 potions of might
 g - 10 potions of curing
 i - 2 potions of invisibility
 m - 4 potions of heal wounds
 p - 4 potions of haste
 t - 2 potions of degeneration {unknown}
 w - a potion of berserk rage {unknown}
 z - 2 potions of lignification {unknown}
 D - a potion of resistance {unknown}
 L - 2 potions of cancellation {unknown}
 N - 2 potions of mutation {unknown}


   Skills:
 + Level 10.3 Fighting
 * Level 14.2 Maces & Flails
 - Level 11.2 Armour
 - Level 3.2 Shields
 - Level 12.4 Invocations


You had 12 spell levels left.
You didn't know any spells.
Your spell library contained the following spells:

 Spells                   Type           Power      Damage    Failure   Level
 Summon Small Mammal      Summ           0%         N/A       99%         1
 Static Discharge         Conj/Air       0%         2-2/arc   100%        2
 Call Canine Familiar     Summ           0%         N/A       100%        3
 Summon Guardian Golem    Hex/Summ       0%         N/A       100%        3
 Vhi's Electric Charge    Tloc/Air       0%         N/A       100%        3
 Airstrike                Air            0%         2d(0-16)  100%        4
 Anguish                  Hex/Necr       0%         N/A       100%        4
 Olgreb's Toxic Radiance  Pois           0%         N/A       100%        4
 Summon Lightning Spire   Summ/Air       0%         N/A       100%        4
 Arcjolt                  Conj/Air       0%         1d10      100%        5
 Enfeeble                 Hex            0%         N/A       100%        7
 Orb of Destruction       Conj           0%         9d5       100%        7
 Spellforged Servitor     Conj/Summ      0%         N/A       100%        7
 Discord                  Hex            0%         N/A       100%        8
 Ignition                 Fire           0%         3d3       100%        8
 Maxwell's Capacitive Co  Air            0%         ∞         100%        8


Dungeon Overview and Level Annotations

Branches:
Dungeon (11/15)            Temple (1/1) D:4            Lair (3/5) D:10
 Shoals (0/4) Lair:2        Snake (0/4) Lair:3          Orc (0/2) D:11

Altars:
Ashenzari
Cheibriados
Dithmenos
Elyvilon
Fedhas
Gozag
Hepliaklqana
Kikubaaqudgha
Makhleb
Nemelex Xobeh
Okawaru
Qazlal
Ru
Sif Muna
Trog
Uskayaw
Vehumet
Wu Jian
Xom
Yredelemnul
Zin
The Shining One

Shops:
D:3 [

Portals:
Trove: D:11 (give 17 potions of curing)

Annotations:
Lair:3 Sonja


Innate Abilities, Weirdness & Mutations

You are immune to sickness and miasma.
Your stone body is resilient. (AC +9)
You are immune to poison.
You resist negative energy. (rN+)
You are resistant to electric shocks. (rElec)
You are resistant to unholy torment.
You are immune to petrification.


Message History

The curare-tipped dart completely misses Sonja.
Sonja throws a curare-tipped dart.
You block the curare-tipped dart.
Throw: 3 darts (curare)
Press: ? - help, Q - select action, (/) - cycle Shift-Dir - straight line, f/p - Sonja
Aim: Sonja, wielding a +1 dagger of distortion and quivering curare-tipped darts (9% to hit)
You throw a curare-tipped dart.
The curare-tipped dart completely misses Sonja.
Sonja throws a curare-tipped dart.
The curare-tipped dart hits you.
Throw: 2 darts (curare)
Press: ? - help, Q - select action, (/) - cycle Shift-Dir - straight line, f/p - Sonja
Aim: Sonja, wielding a +1 dagger of distortion and quivering curare-tipped darts (9% to hit)
You throw a curare-tipped dart.
The curare-tipped dart closely misses Sonja.
Sonja barely misses you. Sonja hits you but does no damage.
Space warps around you. Sonja hits you but does no damage.
Space warps around you.
You impale Sonja!!
Your weapon exudes an aura of protection.
Sonja is severely wounded.
You block Sonja's attack. Sonja hits you but does no damage.
Space warps horribly around you! Sonja hits you but does no damage.
Space warps around you.
* * * LOW HITPOINT WARNING * * *
Throw: dart (curare)
Press: ? - help, Q - select action, (/) - cycle Shift-Dir - straight line, f/p - Sonja
Aim: Sonja, wielding a +1 dagger of distortion and quivering curare-tipped darts (severely wounded, 9% to hit)
You throw a curare-tipped dart.
The curare-tipped dart closely misses Sonja.
Sonja hits you but does no damage. Space warps around you.
* * * LOW HITPOINT WARNING * * *
You block Sonja's attack. Sonja hits you but does no damage.
Space warps around you.
* * * LOW HITPOINT WARNING * * *
You block Sonja's attack. Sonja hits you but does no damage.
Space warps around you.
* * * LOW HITPOINT WARNING * * *
Sonja hits you with a +1 dagger of distortion.
* * * LOW HITPOINT WARNING * * *
Space warps horribly around you!!
You die...

* ### **######## ##.#
######
.##.#...P####..###....##
.........P##....#......#
..........#......#.....##
..............°.○.......#
..............°☼........#
..####.#..#.....@.○.....#
.#* ###.##....K○°.....P##
.######...##.....#°....(P#
.............(....####.###
..........###....##.#†§#
..##.###### ###...#..h.#
###### #.......### #
*##......#* # *....#....*


You could see Sonja.

Vanquished Creatures
  Gastronok (Lair:3)
  Snorg (D:10)
  3 hydras
  Erolcha (D:11)
  3 two-headed ogres
  A skyshark (Lair:2)
  A cyclops (D:11)
  2 merfolk sirens (Lair:2)
  3 elephants (Lair:2)
  3 black mambas
  Maggie (D:10)
  Joseph (D:7)
  6 cane toads
  2 unseen horrors (D:11)
  2 kobold demonologists (D:10)
  5 komodo dragons
  A rime drake (Lair:2)
  2 merfolk (Lair:2)
  4 polar bears
  3 trolls
  Grinder (D:5)
  3 blink frogs (Lair:3)
  3 wyverns
  Grum (D:11)
  2 basilisks (Lair:1)
  25 yaks
  3 steam dragons (D:8)
  3 vampire mosquitoes
  6 water moccasins
  4 black bears
  2 orc warriors (D:7)
  4 ogres
  15 wolves
  3 centaurs
  A phantom (D:6)
  2 kobold brigands
  8 bullfrogs
  3 scorpions
  5 killer bees (D:8)
  6 howler monkeys
  3 jellies
  A gnoll bouda (D:7)
  Crazy Yiuf (D:4)
  4 orc priests
  3 hounds
  Jessica (D:2)
  Ijyb (D:5)
  Terence (D:2)
  6 iguanas
  2 sleepcaps
  Natasha (thrice) (D:2)
  3 orc wizards
  7 gnolls
  7 adders
  4 white imps
  3 ufetubi
  3 worms
  2 dart slugs
  34 orcs
  2 ball pythons
  4 endoplasms
  7 giant cockroaches
  5 goblins
  5 hobgoblins
  2 jackals (D:5)
  5 quokkas
  13 bats
  4 frilled lizards
  13 kobolds
  4 rats
  A butterfly (Lair:3)
300 creatures vanquished.

Vanquished Creatures (collateral kills)
  A basilisk (Lair:3)
1 creature vanquished.

Vanquished Creatures (others)
  34 fungi
  63 plants
97 creatures vanquished.

Grand Total: 398 creatures vanquished

Notes
Turn   | Place    | Note
-------+----------+-------------------------------------------
     0 | D:1      | greasedhog the Gargoyle Fighter began the quest for the
                  | Orb.
     0 | D:1      | Reached XP level 1. HP: 14/14 MP: 1/1
   156 | D:1      | Reached XP level 2. HP: 13/19 MP: 2/2
   592 | D:1      | Found a faded altar of an unknown god.
   707 | D:1      | Reached skill level 3 in Maces & Flails
   707 | D:1      | Reached XP level 3. HP: 24/24 MP: 3/3
   991 | D:2      | Found a glowing golden altar of the Shining One.
  1226 | D:2      | Noticed Natasha
  1246 | D:2      | Killed Natasha
  1247 | D:2      | Reached XP level 4. HP: 12/29 MP: 4/4
  1470 | D:2      | Noticed Jessica
  1475 | D:2      | Killed Jessica
  1476 | D:2      | Reached skill level 4 in Maces & Flails
  1499 | D:2      | Reached XP level 5. HP: 34/34 MP: 5/5
  1563 | D:2      | Noticed Natasha
  1580 | D:2      | Killed Natasha
  1669 | D:2      | Noticed Natasha
  1677 | D:2      | Noticed Terence
  1682 | D:2      | Killed Natasha
  1693 | D:2      | Killed Terence
  2067 | D:3      | Reached skill level 5 in Maces & Flails
  2102 | D:3      | Reached XP level 6. HP: 23/40 MP: 6/6
  2222 | D:3      | Reached skill level 5 in Fighting
  2497 | D:3      | Found a burning altar of Makhleb.
  2575 | D:3      | Found a glowing golden altar of the Shining One.
  2732 | D:3      | Found Losmeih's Armour Shoppe.
  3186 | D:4      | Reached skill level 6 in Maces & Flails
  3186 | D:4      | Reached XP level 7. HP: 11/44 MP: 7/7
  3742 | D:4      | Reached skill level 7 in Maces & Flails
  3852 | D:4      | Found a staircase to the Ecumenical Temple.
  3859 | Temple   | Entered the Ecumenical Temple
  4047 | Temple   | Became a worshipper of Qazlal Stormbringer
  4157 | D:4      | Found a runed translucent door.
  4158 | D:4      | Noticed Crazy Yiuf
  4370 | D:4      | Killed Crazy Yiuf
  4426 | D:5      | Entered Level 5 of the Dungeon
  4454 | D:5      | Reached XP level 8. HP: 49/52 MP: 8/8
  4643 | D:5      | Noticed Ijyb
  4646 | D:5      | Killed Ijyb
  4673 | D:5      | Noticed Grinder
  4674 | D:5      | Paralysed by Grinder for 3 turns
  4713 | D:5      | Killed Grinder
  4714 | D:5      | Reached skill level 8 in Maces & Flails
  5410 | D:6      | Noticed a wyvern
  5418 | D:6      | Killed a wyvern
  5419 | D:6      | Reached skill level 9 in Maces & Flails
  5446 | D:6      | Reached XP level 9. HP: 58/58 MP: 9/9
  5556 | D:6      | Found a hide-covered altar of Uskayaw.
  5632 | D:6      | Reached * piety under Qazlal
  5902 | D:6      | Reached skill level 10 in Maces & Flails
  6092 | D:7      | Noticed Joseph
  6387 | D:7      | Killed Joseph
  6602 | D:7      | Reached ** piety under Qazlal
  6920 | D:7      | Reached skill level 11 in Maces & Flails
  7439 | D:8      | Reached XP level 10. HP: 55/66 MP: 10/10
  7834 | D:8      | Reached skill level 12 in Maces & Flails
  7853 | D:8      | Reached skill level 10 in Fighting
  7867 | D:8      | Reached *** piety under Qazlal
  7868 | D:8      | Reached skill level 1 in Invocations
  8487 | D:9      | Noticed a two-headed ogre
  8516 | D:8      | Killed a two-headed ogre
  8764 | D:9      | Found a radiant altar of Vehumet.
  8764 | D:9      | Found a white marble altar of Elyvilon.
  9052 | D:9      | Reached skill level 5 in Armour
  9068 | D:9      | Reached skill level 5 in Invocations
  9378 | D:10     | Entered Level 10 of the Dungeon
  9443 | D:9      | Reached XP level 11. HP: 36/72 MP: 15/15
  9593 | D:10     | Noticed Maggie
  9609 | D:10     | Noticed Snorg
  9623 | D:10     | Killed Snorg
  9626 | D:10     | Killed Maggie
  9793 | D:10     | Noticed a two-headed ogre
  9803 | D:10     | Killed a two-headed ogre
 10284 | D:10     | Noticed a soul eater
 10371 | D:10     | Found a staircase to the Lair.
 10404 | D:10     | HP: 3/72 [komodo dragon (9)]
 11270 | D:11     | Found a white marble altar of Elyvilon.
 11291 | D:11     | Noticed a cyclops
 11614 | D:11     | Killed a cyclops
 11666 | D:11     | Noticed Erolcha
 11673 | D:11     | Killed Erolcha
 11674 | D:11     | Reached skill level 10 in Invocations
 11679 | D:11     | Noticed Grum
 11705 | D:11     | Killed Grum
 11891 | D:11     | Found a portal to a secret trove of treasure.
 12009 | D:11     | Noticed a two-headed ogre
 12026 | D:11     | Killed a two-headed ogre
 12027 | D:11     | Reached XP level 12. HP: 49/77 MP: 18/20
 12398 | D:11     | Found a staircase to the Orcish Mines.
 12468 | Lair:1   | Entered Level 1 of the Lair of Beasts
 12995 | Lair:1   | Identified a scroll of acquirement
 12996 | Lair:1   | Acquired 1294 gold pieces
 13148 | Lair:1   | Reached **** piety under Qazlal
 13501 | Lair:1   | Identified the +6 sling "Tormentor" {heavy, Will- rCorr
                  | Int+3}
 13575 | Lair:2   | Noticed an eight-headed hydra
 13749 | Lair:2   | Acquired a +2 eveningstar of protection
 13796 | Lair:2   | Reached skill level 10 in Armour
 13831 | Lair:2   | Killed an eight-headed hydra
 14136 | Lair:2   | Noticed a four-headed hydra
 14143 | Lair:2   | Noticed a skyshark
 14147 | Lair:2   | Killed a four-headed hydra
 14148 | Lair:2   | Reached skill level 13 in Maces & Flails
 14155 | Lair:2   | Killed a skyshark
 14342 | Lair:2   | Reached XP level 13. HP: 73/82 MP: 22/22
 14374 | Lair:2   | Found a staircase to the Shoals.
 14528 | Lair:2   | You fall into a shaft and drop 1 floor!
 14534 | Lair:3   | Noticed Gastronok
 14587 | Lair:3   | Killed Gastronok
 14651 | Lair:3   | Reached skill level 14 in Maces & Flails
 14846 | Lair:3   | Noticed Sonja
 14866 | Lair:3   | Mangled by Sonja

Illustrated notes

Levels and vault maps discovered:
D:1:      onia_arrival_pyramid, layout_basic,
          hellmonk_ecumenical_altar_heavens_door
D:2:      layout_rooms, serial_co_window_serial, co_window_paths_a,
          co_window_corner_a, co_window_corner_a, co_window_corner_a,
          co_window_paths_b, co_window_cross_4, co_window_2corner,
          co_window_of_opportunity_b, co_window_broadway_b, co_window_corner_cb,
          glass_columns_a, glass_columns_b, glass_columns_b, glass_columns_c,
          glass_columns_a, basic_altar, uniq_jessica, uniq_terence, uniq_natasha
D:3:      layout_basic, mainiacjoe_overflow_alcove_1,
          mainiacjoe_overflow_brackets, serial_shops,
          nicolae_shop_tiny_statue_garden
D:4:      layout_loops_ring, temple_green, hangedman_abyss_or_decor_stagger,
          roderic_batcave, uniq_crazy_yiuf_cottage
D:5:      layout_basic, uniq_grinder, uniq_ijyb
D:6:      layout_cave_pools, nicolae_uskayaw_dance_hall,
          kennysheep_generic_room_9
D:7:      layout_loops_ring, uniq_joseph
D:8:      layout_basic, serial_curves, eino_curves_04, eino_curves_03,
          minmay_misc_feat_more_columns
D:9:      layout_gridville, gammafunk_temple_overflow_pools
D:10:     layout_layer_cave, due_lair_maze_entry_diamond, uniq_snorg,
          uniq_maggie
D:11:     layout_long_grid, orc_0_dummy, nicolae_trove_entry_free_sample,
          elyvilon_altar_3, uniq_grum, uniq_erolcha
Temple:   bh_familiar_temple
Lair:1:   layout_long_grid, grunt_megastairs_3, lemuel_fruit_tree,
          infiniplex_staircase_pool_2
Lair:2:   layout_cave_pods, elwin_shoals_entry_rooms
Lair:3:   layout_gridlike, nicolae_snake_entry_squirm, basic_altar,
          nicolae_lair_lil_pond, lemuel_fruit_fields, lemuel_fruit_fields,
          uniq_gastronok, uniq_sonja

Skill      XL: |  1  2  3  4  5  6  7  8  9 10 11 12 13 |
---------------+----------------------------------------+-----
Maces & Flails | 3 4 5 6 7 9 11 12 13 14 | 14.2
Fighting       | 4 5 6 7 9 10 | 10.3
Invocations    | 6 10 12 | 12.4
Armour         | 5 8 10 11 | 11.2
Shields        | |  3.2

Action                     |  1- 3 |  4- 6 |  7- 9 | 10-12 | 13-15 || total
---------------------------+-------+-------+-------+-------+-------++-------
  Melee: Flail             |   105 |    68 |    61 |   595 |       ||   829
         Mace              |       |    97 |   237 |       |       ||   334
         Eveningstar       |       |       |       |    71 |    84 ||   155
  Throw: Dart              |       |       |       |       |     5 ||     5
 Invoke: Elemental Force   |       |       |       |     1 |     1 ||     2
  Evoke: Wand              |       |       |       |    14 |     1 ||    15
    Use: Scroll            |       |     1 |     4 |    12 |     1 ||    18
         Potion            |       |       |     2 |     3 |       ||     5
   Stab: Invisible         |       |       |       |     1 |       ||     1
         Paralysed         |       |       |       |       |     1 ||     1
 Armour: Scale mail        |    59 |    24 |       |       |       ||    83
         Chain mail        |       |    36 |   163 |       |       ||   199
         Plate armour      |       |       |    49 |   503 |    45 ||   597
  Dodge: Dodged            |    50 |    69 |   139 |   220 |    23 ||   501
  Block: Buckler           |    25 |    29 |    95 |   298 |    39 ||   486
